 Dungeon Sprint DCSS version 0.19-a0-1553-g64c24c3 (webtiles) character file.

191 poirepourri the Covert (level 5, -1/24 HPs)
             Began as a Spriggan Enchanter on Sept 14, 2016.
             Was an Initiate of Dithmenos.
             Slain by a spriggan
             ... wielding a +0 short sword
              (16 damage)
             ... in the Dungeon (Sprint IV: "Fedhas' Mad Dash").
             The game lasted 00:01:18 (618 turns).

poirepourri the Covert (Spriggan Enchanter)          Turns: 618, Time: 00:01:19

Health: -1/24      AC:  3    Str:  4    XL:     5   Next: 41%
Magic:  8/12       EV: 23    Int: 16    God:    Dithmenos [......]
Gold:   83         SH:  0    Dex: 18    Spells: 4 memorised, 3 levels left

rFire  . . .     SeeInvis +     a - +1 dagger
rCold  . . .     Gourm    .     b - +1 robe
rNeg   . . .     Faith    .     (shield restricted)
rPois  .         Spirit   .     (helmet restricted)
rElec  .         Dismiss  .     (no cloak)
rCorr  .         Reflect  .     (gloves unavailable)
MR     .....     Harm     .     (boots unavailable)
Stlth  ++++++.... NoTele   +    k - amulet of invisibility {+Inv}
                                (no ring)
                                (no ring)

@: very slightly contaminated, very quick
A: unfitting armour, see invisible, herbivore 3, speed 3, slow metabolism 2
a: Renounce Religion, Evoke Invisibility


You were in the Dungeon.
You worshipped Dithmenos.
Dithmenos was noncommittal.
You were not hungry.

You visited 1 branch You collected 83 gold pieces.

Inventory:

Hand Weapons
 a - a +1 dagger (weapon)
Armour
 b - a +1 robe (worn)
Jewellery
 k - the amulet of invisibility (around neck) {+Inv}
   (You found it in the Dungeon)

   [amulet of nothing]

   It lets you turn invisible.
Scrolls
 j - a scroll of blinking
Potions
 e - a potion of curing
 g - a potion of haste
Books
 c - a book of Maledictions

   Spells                             Type                      Level
   a - Corona                         Hexes                        1
   b - Ensorcelled Hibernation        Hexes/Ice                    2
   c - Confuse                        Hexes                        3
   d - Tukima's Dance                 Hexes                        3
   e - Dazzling Spray                 Conjuration/Hexes            3
Comestibles
 d - a bread ration


   Skills:
 - Level 0.1 Fighting
 + Level 2.7 Short Blades
 + Level 7.0 Dodging
 + Level 13.6 Stealth
 + Level 4.2 Spellcasting
 + Level 5.9 Hexes
 + Level 0.2 Ice Magic


You had 3 spell levels left.
You knew the following spells:

 Your Spells              Type           Power        Failure   Level  Hunger
a - Corona                Hex            ###....      1%          1    None
b - Ensorcelled Hibernat  Hex/Ice        ##....       10%         2    ##.....
c - Confuse               Hex            ###.....     6%          3    ###....
d - Tukima's Dance        Hex            ###.....     6%          3    ###....


Dungeon Overview and Level Annotations

Branches:
Dungeon (1/1)

Altars:
Cheibriados
Dithmenos
Elyvilon
Gozag
Hepliaklqana
Kikubaaqudgha
Makhleb
Nemelex Xobeh
Okawaru
Qazlal
Ru
Sif Muna
Trog
Uskayaw
Vehumet
Xom
Yredelemnul
Zin
The Shining One
Beogh
Jiyva
Lugonu


Innate Abilities, Weirdness & Mutations

You are tiny and cannot use many weapons and most armour.
You have supernaturally acute eyesight. (SInv)
You are a herbivore.
You cover ground extremely quickly.
You need consume almost no food.


Message History

Aim: a spriggan, wielding a short sword and wearing a robe (chance to defeat MR: 14%)
The spriggan resists with almost no effort.
The spriggan closely misses you. Magic courses through your body.
The spriggan completely misses you.
Casting: Ensorcelled Hibernation
Confirm with . or Enter, or press ? or * to list all spells.
Aiming: Ensorcelled Hibernation
Press: ? - help, Shift-Dir - straight line, f/p - spriggan
Aim: a spriggan, wielding a short sword and wearing a robe (chance to defeat MR: 14%)
The spriggan resists with almost no effort.
The spriggan barely misses you.
Casting: Ensorcelled Hibernation
Confirm with . or Enter, or press ? or * to list all spells.
Aiming: Ensorcelled Hibernation
Press: ? - help, Shift-Dir - straight line, f/p - spriggan
Aim: a spriggan, wielding a short sword and wearing a robe (chance to defeat MR: 14%)
The spriggan resists with almost no effort.
The spriggan hits you with a short sword!
Ouch! That really hurt!
You die...

#########################
#<..P#....)#.....#.⌠._._.
#PP..'.[@i.'.#.[.'.._._s_
#PPPP#...s.#.#...#..._._.
###############'##.._._._
+...#.⌠._._. #...########
#####


You could see a spriggan and a scorpion.

Vanquished Creatures
  4 oklob saplings (D)
  A worker ant (D)
  A spriggan (D)
  A river rat (D)
  A rat (D)
8 creatures vanquished.

Notes
Turn   | Place    | Note
-------+----------+-------------------------------------------
     0 | D        | poirepourri the Spriggan Enchanter began the quest for the Orb.
     0 | D        | Reached XP level 1. HP: 9/9 MP: 5/5
     8 | D        | Reached skill level 7 in Stealth
     8 | D        | Reached XP level 2. HP: 13/13 MP: 6/6
    15 | D        | Learned a level 2 spell: Ensorcelled Hibernation
    17 | D        | Noticed an oklob sapling
    19 | D        | Killed an oklob sapling
    19 | D        | Reached skill level 5 in Dodging
    19 | D        | Reached skill level 9 in Stealth
    19 | D        | Reached XP level 3. HP: 16/16 MP: 8/8
    24 | D        | Reached skill level 10 in Stealth
    42 | D        | Noticed an oklob sapling
    45 | D        | Killed an oklob sapling
    45 | D        | Reached skill level 11 in Stealth
    45 | D        | Reached XP level 4. HP: 21/21 MP: 9/9
    58 | D        | Found an opulent altar of Gozag.
    58 | D        | Found a hazy altar of Hepliaklqana.
    58 | D        | Found a burning altar of Makhleb.
    58 | D        | Found a roughly hewn altar of Beogh.
    58 | D        | Found a sparkling altar of Nemelex Xobeh.
    58 | D        | Found a snail-covered altar of Cheibriados.
    58 | D        | Found a sacrificial altar of Ru.
    58 | D        | Found a deep blue altar of Sif Muna.
    58 | D        | Found a shimmering altar of Xom.
    58 | D        | Found a basalt altar of Yredelemnul.
    59 | D        | Found a viscous altar of Jiyva.
    59 | D        | Found a bloodstained altar of Trog.
    60 | D        | Found an iron altar of Okawaru.
    60 | D        | Found a shadowy altar of Dithmenos.
    60 | D        | Found a glowing silver altar of Zin.
    61 | D        | Found an ancient bone altar of Kikubaaqudgha.
    61 | D        | Found a hide-covered altar of Uskayaw.
    62 | D        | Found a stormy altar of Qazlal.
    62 | D        | Found a glowing golden altar of the Shining One.
    62 | D        | Found a white marble altar of Elyvilon.
    63 | D        | Found a radiant altar of Vehumet.
    63 | D        | Found a corrupted altar of Lugonu.
    73 | D        | HP: 1/31 [acid (6)]
    74 | D        | Reached skill level 12 in Stealth
    74 | D        | Reached skill level 5 in Hexes
    74 | D        | Reached XP level 5. HP: 1/24 MP: 9/11
   543 | D        | Became a worshipper of Dithmenos the Shadowed
   548 | D        | Learned a level 3 spell: Confuse
   552 | D        | Learned a level 3 spell: Tukima's Dance
   562 | D        | Reached skill level 13 in Stealth
   618 | D        | Slain by a spriggan

Vault maps used:
D:        dungeon_sprint_fedhas

Skill      XL: |  1  2  3  4  5 |
---------------+----------------+-----
Dodging        | 4 5 6 7 |  7.0
Stealth        | 7 9 11 12 13 | 13.6
Short Blades   | 2 |  2.7
Spellcasting   | 3 4 |  4.2
Hexes          | 5 |  5.9
Fighting       | |  0.1
Ice Magic      | |  0.2

Action                   |  1- 3 |  4- 6 || total
-------------------------+-------+-------++-------
Melee: Dagger            |     5 |    11 ||    16
 Cast: Ensorcelled Hiber |       |    11 ||    11
  Use: Scroll            |     1 |       ||     1
       Potion            |       |     4 ||     4
 Stab: Sleeping          |     5 |     2 ||     7
Dodge: Dodged            |       |    19 ||    19
